AoeStats
← WaCCos

Arabia

509888420Analyzed
1v1 RM · 5d ago on Sep 28, 2026· 42m 28s· 2 players
Game mode
Random Map
Map size
Tiny (2 player)
Population
200
Speed
Normal
Resources
Standard
Victory
Conquest
Starting age
Dark Age
Ending age
Imperial Age
RankedLock teamsTeams togetherTeam positionsShared explorationLock speedFull tech treeHidden civsTurbo modeCheats
Victory
Defeat
🇩🇪 Saxons · Germany
1341
+15
🇨🇴 Burmese · Colombia
1325
-15
Escanor
6:41 Loom
9:43 Feudal Age
9:45 Man-at-Arms
15:53 Fletching
17:40 Padded Archer Armor
24:05 Castle Age
22:16 Horse Collar
24:12 Crossbowman
24:47 Bodkin Arrow
25:04 Bodkin Arrow
27:56 Wheelbarrow
28:48 Scale Barding Armor
28:54 Forging
30:28 Chain Barding Armor
30:20 Bloodlines
30:11 Husbandry
33:31 Iron Casting
35:42 Gold Mining
42:26 Imperial Age
40:13 Hand Cart
39:44 Town Watch
WaCCos
6:03 Loom
9:09 Feudal Age
10:02 Double-Bit Axe
14:42 Fletching
16:58 Padded Archer Armor
20:33 Horse Collar
24:58 Castle Age
24:19 Forging
24:10 Scale Mail Armor
26:27 Chain Mail Armor
27:32 Squires
28:26 Bodkin Arrow
29:10 Iron Casting
28:47 Arson
29:22 Gambesons
Connection lost

Rejoining the realm…

Still unreachable

The connection could not be restored.

Session expired

The server has moved on; the page needs a fresh start.